 Dungeon Crawl Stone Soup version 0.28-a0-194-g42b4daccc1 (webtiles) character file.

Game seed: 3593145474708318082

489 siradein the Ruffian (level 6, -8/62 HPs)
             Began as a Troll Berserker on Aug 19, 2021.
             Was a Priest of Trog.
             Mangled by an orc warrior (21 damage)
             ... on level 4 of the Dungeon.
             The game lasted 00:06:55 (3131 turns).

siradein the Ruffian (Troll Berserker)              Turns: 3131, Time: 00:06:55

Health: -8/62      AC:  5    Str: 28    XL:     6   Next: 90%
Magic:  5/5        EV: 10    Int:  3    God:    Trog [***...]
Gold:   94         SH:  0    Dex:  9    Spells: 5/5 levels left

rFire   . . .      SeeInvis .     - Unarmed
rCold   . . .      Faith    .   (no shield)
rNeg    . . .      Spirit   .   a - +0 animal skin
rPois   .          Reflect  .   (helmet restricted)
rElec   .          Harm     .   g - +0 cloak
rCorr   .          Rampage  .   (gloves unavailable)
Will    ++...                   (boots unavailable)
Stlth   +.........              (no amulet)
HPRegen 2.20/turn               (no ring)
MPRegen 0.09/turn               (no ring)

@: strong-willed (expiring), on berserk cooldown, regenerating (expiring),
slowed, very slow
A: large, unfitting armour, claws 3, regeneration 1, shaggy fur 1, tough skin 1
a: Renounce Religion, Berserk, Trog's Hand


You were on level 4 of the Dungeon.
You worshipped Trog.
Trog was most pleased with you.
You visited 1 branch of the dungeon, and saw 4 of its levels.

You collected 120 gold pieces.
You spent 26 gold pieces at shops.

Inventory:

Hand Weapons
 m - a +2 mace of holy wrath
Missiles
 e - 2 throwing nets (quivered)
Armour
 a - a +0 animal skin (worn)
 g - a +0 cloak (worn)
Wands
 k - a wand of mindburst (15)
Scrolls
 c - a scroll of identify
 i - a scroll of torment {unknown}
 j - 2 scrolls of fear {unknown}
 l - a scroll of acquirement {unknown}
Potions
 b - a potion of cancellation
 d - a potion of ambrosia {unknown}
 f - 3 potions of degeneration {unknown}
 h - a potion of flight {unknown}
 n - a potion of curing {unknown}
 o - a potion of lignification {unknown}


   Skills:
 + Level 4.2 Fighting
 + Level 4.2 Dodging
 + Level 5.1 Unarmed Combat


You had 5 spell levels left.
You didn't know any spells.
Your spell library was empty.

Dungeon Overview and Level Annotations

Branches:
Dungeon (4/15)
 Temple: D:4-7

Altars:
Elyvilon
Fedhas
Trog

Shops:
D:3 *   D:4 (

Annotations:
D:3 1 runed translucent door, MudFish's ghost, amateur MiAK
D:4 2 runed translucent doors, aSlayers's ghost, amateur DEVM


Innate Abilities, Weirdness & Mutations

You are too large for most types of armour.
You have claws for hands.
Your natural rate of healing is unusually fast.
You are covered in fur. (AC +1)
You have tough skin. (AC +1)


Message History

You are too injured to fight recklessly!
You are too injured to fight recklessly!
You closely miss the orc priest. The orc hits you with a +0 club.
The orc priest hits you with a +0 war axe.
* * * LOW HITPOINT WARNING * * *
You scratch the orc priest.
The orc priest is moderately wounded.
The orc warrior hits you with a +0 scimitar!
* * * LOW HITPOINT WARNING * * *
You scratch the orc priest.
The orc priest is almost dead.
The orc hits you but does no damage.
The orc priest hits you but does no damage.
The orc warrior hits you with a +0 scimitar.
* * * LOW HITPOINT WARNING * * *
You mangle the orc priest!!
You kill the orc priest!
Trog accepts your kill.
You feel a strong urge to attack something.
You feel your anger nearly subside.
You are no longer berserk.
You are exhausted.
You feel yourself slow down. The orc closely misses you.
You scratch the orc. Your claw misses the orc.
The orc is heavily wounded.
The orc hits you but does no damage.
The orc warrior hits you with a +0 scimitar.
* * * LOW HITPOINT WARNING * * *
You scratch the orc but do no damage.
The orc is heavily wounded.
The orc hits you but does no damage.
The orc warrior hits you with a +0 scimitar.
* * * LOW HITPOINT WARNING * * *
The orc barely misses you.
The orc warrior hits you with a +0 scimitar!
* * * LOW HITPOINT WARNING * * *
The orc warrior hits you with a +0 scimitar!
* * * LOW HITPOINT WARNING * * *
You feel the effects of Trog's Hand fading.
The orc warrior hits you with a +0 scimitar!!
You die...

...........# ##............#
..............#
..................##############
..................##..:........#
..................##...........#
.........[....)................##
......[..#.....o.))..............
.........#.....o@................
.......).##.############.........
............############.###.....
########..o.#r≈≈≈≈≈≈Wr#..# #.....
#....+r≈≈≈$≈≈≈w+..# #.....
#....#≈≈≈≈≈≈≈≈r#.####.≈≈≈≈
#....############# #.≈≈≈≈≈
#............#######.≈≈≈≈≈
+..............>......≈≈≈≈


You could see an orc warrior and an orc.

Vanquished Creatures
  Menkaure (D:4)
  4 orc priests
  An iguana (D:4)
  A hound skeleton (D:3)
  11 gnolls
  3 adders
  2 worms
  3 dart slugs
  5 orcs
  6 bats
  6 endoplasms
  3 giant cockroaches
  5 goblins
  4 hobgoblins
  2 jackals (D:1)
  7 kobolds
  2 quokkas
  8 ball pythons
  3 frilled lizards
  4 rats
81 creatures vanquished.

Vanquished Creatures (others)
  A fungus (D:3)
1 creature vanquished.

Grand Total: 82 creatures vanquished

Notes
Turn   | Place    | Note
-------+----------+-------------------------------------------
     0 | D:1      | siradein the Troll Berserker began the quest for the Orb.
     0 | D:1      | Reached XP level 1. HP: 22/22 MP: 0/0
   222 | D:1      | Reached XP level 2. HP: 27/29 MP: 1/1
   780 | D:1      | You fall into a shaft and drop 1 floor!
   818 | D:2      | Reached XP level 3. HP: 23/36 MP: 2/2
   892 | D:2      | Reached ** piety under Trog
  1089 | D:2      | Reached XP level 4. HP: 45/45 MP: 3/3
  1340 | D:2      | Reached skill level 4 in Unarmed Combat
  1592 | D:3      | Found Hurugaj's General Store.
  1633 | D:3      | Reached XP level 5. HP: 38/53 MP: 4/4
  1769 | D:3      | Bought a scroll of identify for 26 gold pieces
  1843 | D:3      | Found a bloodstained altar of Trog.
  1843 | D:3      | Found a blossoming altar of Fedhas.
  1981 | D:3      | Noticed MudFish's ghost (amateur MiAK)
  1986 | D:3      | Found a runed translucent door.
  2162 | D:3      | Reached XP level 6. HP: 62/62 MP: 5/5
  2370 | D:3      | Reached *** piety under Trog
  2724 | D:4      | Found a white marble altar of Elyvilon.
  2891 | D:4      | Found Imam's Antique Weapon Shop.
  2929 | D:4      | Noticed Menkaure
  2944 | D:4      | Killed Menkaure
  2945 | D:4      | Reached skill level 5 in Unarmed Combat
  3072 | D:4      | Found a runed translucent door.
  3075 | D:4      | Noticed aSlayers's ghost (amateur DEVM)
  3104 | D:4      | Found a runed translucent door.
  3107 | D:4      | Noticed an orc warrior
  3125 | D:4      | HP: 2/62 [orc warrior (15)]
  3131 | D:4      | Mangled by an orc warrior

Illustrated notes

Levels and vault maps discovered:
D:1:      dpeg_arrival_houses_and_road, layout_basic
D:2:      layout_basic, st_stairs_11
D:3:      layout_basic, gammafunk_temple_overflow_elements,
          shapermc_ecumenical_altar_petra, hellmonk_ghost_happy_afterlife,
          serial_shops, shop
D:4:      layout_basic, mainiacjoe_overflow_paths, elyvilon_altar_1,
          ebering_ghost_sewer_f, serial_shops, nicolae_shop_waterfront,
          lemuel_old_faithful, uniq_menkaure

Skill      XL: |  1  2  3  4  5  6 |
---------------+-------------------+-----
Dodging        | 3 4 |  4.2
Fighting       | 3 4 |  4.2
Unarmed Combat | 4 5 |  5.1

Action                   |  1- 3 |  4- 6 || total
-------------------------+-------+-------++-------
Melee: Unarmed           |    63 |   146 ||   209
       Punch             |       |     5 ||     5
Invok: Berserk           |     1 |     4 ||     5
       Trog's Hand       |       |     4 ||     4
  Use: Scroll            |       |     2 ||     2
 Stab: Sleeping          |     1 |       ||     1
Armor: Animal skin       |    13 |    36 ||    49
Dodge: Dodged            |    21 |    45 ||    66

Table legend: (Time is in decaauts)
 A = Elapsed time spent in this place.
 B = Non-inter-level travel time spent in this place.
 C = Inter-level travel time spent in this place.
 D = Time resting spent in this place.
 E = Time spent auto-exploring this place.
 F = Levels seen in this place.
 G = Mean time per level.
                   A        B        C        D        E       F      G
               +--------+--------+--------+--------+--------+-----+--------+
         Total |   3151 |   3030 |    121 |    201 |   2355 |   4 |  787.8 |
       Dungeon |   3151 |   3030 |    121 |    201 |   2355 |   4 |  787.8 |
               +--------+--------+--------+--------+--------+-----+--------+

Top non-repeatable levels by time:
     D:3: 1174 daAuts
     D:1: 884 daAuts
     D:2: 639 daAuts
     D:4: 453 daAuts
